 Dungeon Crawl Stone Soup version 0.31.0-11-ge490571c62 (webtiles) character file.

Game seed: 17998502717457423509

324 qw the Skirmisher (level 6, -9/35 HPs)
             Began as a Deep Elf Hunter on Feb 4, 2024.
             Mangled by a gnoll
             ... wielding a +0 halberd
              (10 damage)
             ... on level 3 of the Dungeon.
             The game lasted 00:00:17 (2834 turns).

qw the Skirmisher (Deep Elf Hunter)                 Turns: 2834, Time: 00:00:17

Health: -9/35      AC:  6    Str: 10    XL:     6   Next: 23%
Magic:  8/8        EV: 11    Int: 14    God:
Gold:   237        SH:  0    Dex: 18    Spells: 5/5 levels left

rFire   . . .        a - +0 shortbow
rCold   . . .        (shield currently unavailable)
rNeg    + . .        e - +0 ring mail
rPois   .            (no helmet)
rElec   .            d - +0 cloak
rCorr   .            (no gloves)
SInv    .            (no boots)
Will    .....        (no amulet)
Stlth   +            h - ring of positive energy
HPRegen 0.25/turn    (no ring)
MPRegen 0.11/turn

%: no passive effects
@: about to teleport
A: no striking features
a: no special abilities


You were on level 3 of the Dungeon.
You visited 1 branch of the dungeon, and saw 3 of its levels.

You collected 237 gold pieces.


   Skills:
 - Level 2.1 Fighting
 + Level 9.7 Ranged Weapons
 - Level 2.4 Dodging
 - Level 1.2 Stealth


You had 5 spell levels left.
You didn't know any spells.
Your spell library was empty.

Inventory:

Hand Weapons
 a - a +0 shortbow (weapon)
Armour
 d - a +0 cloak (worn)
 e - a +0 ring mail (worn)
Jewellery
 h - a ring of positive energy (left hand)
 k - a +5 ring of evasion
Wands
 n - a wand of light (15)
Scrolls
 c - a scroll of enchant armour {unknown}
 l - a scroll of teleportation
Potions
 b - 3 potions of enlightenment
 f - a potion of haste
 g - a potion of cancellation {unknown}
 i - a potion of resistance
 j - a potion of degeneration {unknown}
 m - a potion of heal wounds {unknown}

Dungeon Overview and Level Annotations

Branches:
Dungeon (3/15)

Altars:

Shops:
D:3 (


Message History

You shoot an arrow. The orc shouts!
The arrow hits the orc but does no damage.
The orc is heavily wounded.
The orc hits you but does no damage.
You shoot an arrow.
The arrow hits the orc but does no damage.
The orc is heavily wounded.
The orc hits you with a +0 mace.
You shoot an arrow.
The arrow hits the orc but does no damage.
The orc is heavily wounded.
A gnoll comes into view. It is wielding a +0 whip.
The orc hits you with a +0 mace.
You shoot an arrow.
The arrow hits the orc but does no damage.
The orc is heavily wounded.
The orc barely misses you.
You shoot an arrow. The arrow hits the orc.
You kill the orc!
The orc hits you but does no damage.
An orc comes into view. It is wielding a +0 short sword.
The gnoll hits you from afar with a +0 halberd!
You shoot an arrow. The orc shouts!
The arrow hits the orc.
The orc is severely wounded.
The orc hits you with a +0 mace!
A jackal comes into view.
The gnoll hits you from afar with a +0 halberd!
The orc hits you with a +0 mace.
2833 ||| READING 2 scrolls of teleportation.
As you read the scroll of teleportation, it crumbles to dust.
You feel strangely unstable. The gnoll closely misses you.
The orc completely misses you.
You shoot an arrow. The arrow hits the orc!
You kill the orc!
The gnoll hits you but does no damage.
The gnoll hits you from afar with a +0 halberd!
You die...

###......#..............# #...
#####..'..............###...
#.##............).#.....
##.........>.......#+#...
#...#....##........#.#...
#...##....#........#.#...
##.........#........#\#...
#.........$g.o##....'.....
#........@g)..##.##.'.###.
#....#####..h.##.####># #.
#........#....##.# #.# #.
#.........####.... #.###.
#.........'....... #+##..
########...##....####....###..).#
..................)....)..)..))..
...~~~~~~~~~~~~~~~~~~~...))~~~~~~
...~~~~~~~~~~~~~~~~~~~....~~~~~~~


You could see 2 gnolls, an orc and a jackal.

Vanquished Creatures
  A gnoll sergeant (D:3)
  A howler monkey (D:3)
  11 gnolls
  3 adders (D:3)
  A ribbon worm (D:2)
  A dart slug (D:3)
  8 orcs (D:3)
  3 ball pythons
  3 bats (D:1)
  6 endoplasms
  2 giant cockroaches
  3 goblins
  3 hobgoblins
  12 jackals (D:3)
  5 kobolds
  4 quokkas
  5 frilled lizards
  5 rats
77 creatures vanquished.

Notes
Turn   | Place    | Note
-------+----------+-------------------------------------------
     0 | D:1      | qw the Deep Elf Hunter began the quest for the Orb.
     0 | D:1      | Reached XP level 1. HP: 12/12 MP: 3/3
     0 | D:1      | 0 ||| qw: Version: 0.3-a-160-g6735b56
     0 | D:1      | 0 ||| qw: Game counter: 4655
     0 | D:1      | 0 ||| qw: Melee chars always use a shield: true
     0 | D:1      | 0 ||| qw: God list: Okawaru
     0 | D:1      | 0 ||| qw: Allow faded altars: false
     0 | D:1      | 0 ||| qw: Do Orc after clearing Dungeon:15 true
     0 | D:1      | 0 ||| qw: Do second Lair branch before Depths: true
     0 | D:1      | 0 ||| qw: Lair rune preference: random
     0 | D:1      | 0 ||| qw: Goals: Normal
     0 | D:1      | 0 ||| PLANNING D:1-11
    35 | D:1      | Reached XP level 2. HP: 8/16 MP: 4/4
    40 | D:1      | Reached skill level 6 in Ranged Weapons
   414 | D:1      | You fall into a shaft and drop 1 floor!
   465 | D:2      | 465 ||| UPGRADING to +0 cloak.
   470 | D:2      | 470 ||| UPGRADING to +0 ring mail.
   480 | D:2      | 480 ||| DROPPING +0 leather armour.
   481 | D:2      | 481 ||| UPGRADING to ring of positive energy.
   482 | D:2      | 482 ||| READING scroll labelled PALOS SAJAI.
   482 | D:2      | 482 ||| IDENTIFYING fizzy orange potion
   483 | D:2      | 483 ||| READING 3 scrolls labelled GURU KUHIM.
   486 | D:2      | 486 ||| FLEEEEING.
   487 | D:2      | 487 ||| DRINKING 2 metallic puce potions.
   488 | D:2      | 488 ||| DRINKING potion of curing.
   488 | D:2      | 488 ||| (to cure confusion)
   489 | D:2      | 489 ||| DROPPING scroll of butterflies.
   490 | D:2      | 490 ||| DROPPING potion of ambrosia.
   492 | D:2      | 492 ||| FLEEEEING.
   493 | D:2      | 493 ||| FLEEEEING.
   699 | D:1      | Reached XP level 3. HP: 20/20 MP: 5/5
  1015 | D:1      | 1015 ||| DROPPING amulet of magic regeneration.
  1016 | D:1      | 1016 ||| READING scroll of identify.
  1016 | D:1      | 1016 ||| IDENTIFYING blue potion
  1066 | D:2      | 1066 ||| STAIRDANCE
  1396 | D:2      | 1396 ||| READING 2 scrolls of identify.
  1396 | D:2      | 1396 ||| IDENTIFYING golden potion
  1397 | D:2      | 1397 ||| READING scroll of identify.
  1397 | D:2      | 1397 ||| IDENTIFYING clear potion
  1398 | D:2      | 1398 ||| READING scroll labelled GINUVY GERHEO.
  1399 | D:2      | 1399 ||| READING scroll labelled VEVUOCR GIUN.
  1400 | D:2      | 1400 ||| DROPPING potion of attraction.
  1439 | D:3      | Reached skill level 7 in Ranged Weapons
  1964 | D:3      | Reached XP level 4. HP: 11/25 MP: 6/6
  2044 | D:3      | 2044 ||| FLEEEEING.
  2045 | D:3      | 2045 ||| FLEEEEING.
  2046 | D:3      | 2046 ||| FLEEEEING.
  2047 | D:3      | 2047 ||| FLEEEEING.
  2048 | D:3      | 2048 ||| FLEEEEING.
  2050 | D:3      | 2050 ||| FLEEEEING.
  2051 | D:3      | 2051 ||| FLEEEEING.
  2051 | D:3      | Found Acob's Weapon Shoppe.
  2052 | D:3      | 2052 ||| FLEEEEING.
  2053 | D:3      | 2053 ||| FLEEEEING.
  2054 | D:3      | 2054 ||| FLEEEEING.
  2055 | D:3      | 2055 ||| FLEEEEING.
  2056 | D:3      | 2056 ||| FLEEEEING.
  2057 | D:3      | 2057 ||| FLEEEEING.
  2058 | D:3      | 2058 ||| FLEEEEING.
  2059 | D:3      | 2059 ||| FLEEEEING.
  2061 | D:3      | 2061 ||| FLEEEEING.
  2062 | D:3      | 2062 ||| FLEEEEING.
  2063 | D:3      | 2063 ||| FLEEEEING.
  2064 | D:3      | 2064 ||| FLEEEEING.
  2065 | D:3      | 2065 ||| FLEEEEING.
  2066 | D:3      | 2066 ||| FLEEEEING.
  2067 | D:3      | 2067 ||| FLEEEEING.
  2068 | D:3      | 2068 ||| FLEEEEING.
  2069 | D:3      | 2069 ||| FLEEEEING.
  2070 | D:3      | 2070 ||| FLEEEEING.
  2071 | D:3      | 2071 ||| FLEEEEING.
  2072 | D:3      | 2072 ||| FLEEEEING.
  2073 | D:3      | 2073 ||| FLEEEEING.
  2074 | D:3      | 2074 ||| FLEEEEING.
  2075 | D:3      | 2075 ||| STAIRDANCE
  2105 | D:2      | 2105 ||| READING scroll of identify.
  2105 | D:2      | 2105 ||| IDENTIFYING coppery potion
  2106 | D:2      | 2106 ||| READING scroll labelled VECVAR KEGE GAS.
  2211 | D:3      | 2211 ||| STAIRDANCE
  2214 | D:2      | Reached skill level 8 in Ranged Weapons
  2237 | D:3      | 2237 ||| STAIRDANCE
  2275 | D:3      | 2275 ||| STAIRDANCE
  2430 | D:3      | Reached XP level 5. HP: 29/29 MP: 7/7
  2527 | D:3      | Reached skill level 9 in Ranged Weapons
  2547 | D:3      | 2547 ||| FLEEEEING.
  2548 | D:3      | 2548 ||| FLEEEEING.
  2549 | D:3      | 2549 ||| FLEEEEING.
  2550 | D:3      | 2550 ||| FLEEEEING.
  2551 | D:3      | 2551 ||| FLEEEEING.
  2557 | D:3      | 2557 ||| FLEEEEING.
  2558 | D:3      | 2558 ||| FLEEEEING.
  2559 | D:3      | 2559 ||| FLEEEEING.
  2560 | D:3      | 2560 ||| FLEEEEING.
  2561 | D:3      | 2561 ||| FLEEEEING.
  2642 | D:3      | Reached XP level 6. HP: 14/35 MP: 8/8
  2645 | D:3      | 2645 ||| FLEEEEING.
  2698 | D:3      | 2698 ||| FLEEEEING.
  2699 | D:3      | 2699 ||| FLEEEEING.
  2832 | D:3      | HP: 4/35 [gnoll/+0 halberd (8)]
  2832 | D:3      | HP: 1/35 [orc/+0 mace (3)]
  2833 | D:3      | 2833 ||| READING 2 scrolls of teleportation.
  2834 | D:3      | Mangled by a gnoll

Levels and vault maps discovered:
D:1:      heliophobic_arrival_henge, layout_basic, serial_rivers,
          chequers_serial_rivers_room_b, chequers_serial_rivers_small_3,
          chequers_serial_rivers_large_b, chequers_serial_rivers_micro_e,
          chequers_serial_rivers_small_a, chequers_serial_rivers_micro_d,
          minmay_small_reverse_x
D:2:      layout_rooms
D:3:      lemuel_castle_with_subvaults [lemuel_castle_interior_original],
          layout_basic, serial_shops, nicolae_shop_hallway_stairs, st_stairs_3

Skill      XL: |  1  2  3  4  5 |
---------------+----------------+-----
Ranged Weapons | 6 7 8 9 |  9.7
Fighting       | 2 |  2.1
Dodging        | |  2.4
Stealth        | |  1.2

Action                     |  1- 3 |  4- 6 || total
---------------------------+-------+-------++-------
   Fire: Shortbow          |   146 |   138 ||   284
    Use: Scroll            |     7 |     3 ||    10
         Potion            |     2 |       ||     2
 Armour: Leather armour    |    15 |       ||    15
         Ring mail         |    24 |    41 ||    65
  Dodge: Dodged            |    35 |    26 ||    61

Table legend:
 A = Non-vault XP
 B = Vault XP
 C = Vault XP percentage of total XP
 D = Non-vault monster count
 E = Vault monster count
 F = Vault count percentage of total count
                 A         B        C        D         E       F
            +---------+---------+-------+---------+---------+-------
      Total |     162 |     305 |  65.3 |      44 |      33 |  42.9
            +---------+---------+-------+---------+---------+-------
        D:1 |      30 |       8 |  21.1 |      19 |       4 |  17.4
        D:2 |      28 |       0 |   0.0 |       9 |       0 |   0.0
        D:3 |     104 |     297 |  74.1 |      16 |      29 |  64.4
            +---------+---------+-------+---------+---------+-------
